 Dungeon Crawl Stone Soup version 0.31-a0-219-g8d62b2e7bb (webtiles) character file.

Game seed: 14728173295178179449

575 qw the Shooter (level 7, -2/59 HPs)
             Began as a Minotaur Hexslinger on July 3, 2023.
             Slain by an orc priest
             ... wielding a +0 trident
              (3 damage)
             ... on level 4 of the Dungeon.
             The game lasted 00:01:01 (2848 turns).

qw the Shooter (Minotaur Hexslinger)                Turns: 2848, Time: 00:01:01

Health: -2/59      AC: 10    Str: 12    XL:     7   Next: 12%
Magic:  7/7        EV: 12    Int: 10    God:
Gold:   259        SH:  0    Dex: 22    Spells: 7/8 levels left

rFire   . . .        Y - +2 sling
rCold   . . .        (no shield)
rNeg    . . .        e - +0 ring mail
rPois   .            (helmet restricted)
rElec   .            (no cloak)
rCorr   .            (no gloves)
SInv    .            a - +0 pair of boots of the Pleiades {Dex+7}
Will    .....        (no amulet)
Stlth   +            g - +4 ring of protection
HPRegen 0.29/turn    (no ring)
MPRegen 0.10/turn

%: no passive effects
@: no status effects
A: horns 2, retaliatory headbutt
a: no special abilities


You were on level 4 of the Dungeon.
You visited 1 branch of the dungeon, and saw 4 of its levels.

You collected 259 gold pieces.


Innate Abilities, Weirdness & Mutations

You have a pair of horns on your head.
You reflexively headbutt those who attack you in melee.


   Skills:
 - Level 4.2 Fighting
 + Level 7.1 Ranged Weapons
 - Level 1.2 Armour
 - Level 3.3 Dodging
 - Level 1.0 Spellcasting
 - Level 2.0 Hexes


You had 7 spell levels left.
You knew the following spells:

 Your Spells              Type           Power      Damage    Failure   Level
a - Slow                  Hex            16%        N/A       34%         1

Your spell library contained the following spells:

 Spells                   Type           Power      Damage    Failure   Level
 Inner Flame              Hex/Fire       2%         N/A       83%         3
 Portal Projectile        Hex/Tloc       4%         N/A       83%         3
 Cause Fear               Hex            2%         N/A       98%         4

Inventory:

Hand Weapons
 Y - a +2 sling (weapon)
Armour
 a - the +0 pair of boots of the Pleiades (worn) {Dex+7}
   (You acquired it on level 2 of the Dungeon)

   Dex:       It affects your dexterity (+7).
 e - a +0 ring mail (worn)
Jewellery
 c - a ring of wizardry
 g - a +4 ring of protection (left hand)
 h - a ring of fire
Scrolls
 b - a scroll of butterflies {unknown}
 j - a scroll of identify
Potions
 f - a potion of enlightenment {unknown}
 i - a potion of haste {unknown}

Dungeon Overview and Level Annotations

Branches:
Dungeon (4/15)
 Temple: D:4-7

Altars:

Annotations:
D:4 Ijyb


Message History

The orc priest mumbles some strange prayers to Beogh against you.
Pain shoots through your body!
You shoot a sling bullet.
The sling bullet barely misses the orc priest.
You shoot a sling bullet. The sling bullet hits Ijyb.
Ijyb is lightly wounded.
Ijyb zaps a wand.
Your mind is blasted!
You shoot a sling bullet. The sling bullet hits Ijyb!
Ijyb is heavily wounded.
Ijyb zaps a wand.
Your mind is blasted!
You shoot a sling bullet. The sling bullet closely misses Ijyb.
The orc priest hits you from afar with a +0 trident.
You shoot a sling bullet. The sling bullet hits Ijyb.
Ijyb is severely wounded.
Ijyb screams, "Me stronger than you!"
Ijyb drinks a potion.
Ijyb is healed!
The orc priest casts a cantrip, but nothing happens.
You shoot a sling bullet. The sling bullet hits Ijyb!
Ijyb is moderately wounded.
Ijyb zaps a wand.
Your mind is blasted!
The orc priest closely misses you.
The orc priest hits you from afar with a +0 trident.
Ijyb zaps a wand.
Your mind is blasted!
2845 ||| DRINKING potion of heal wounds.
You feel much better. Ijyb hits you but does no damage.
The orc priest hits you but does no damage.
You shoot a sling bullet. The sling bullet hits Ijyb.
Ijyb is heavily wounded.
Ijyb zaps a wand.
Your mind is blasted!
The orc priest calls down the wrath of Beogh upon you.
Beogh smites you!
You shoot a sling bullet.
The sling bullet hits Ijyb but does no damage.
Ijyb is heavily wounded.
Ijyb hits you with a +0 club. The orc priest barely misses you.
You shoot a sling bullet. The sling bullet hits Ijyb.
Ijyb is severely wounded.
Ijyb hits you with a +0 club.
The orc priest hits you from afar with a +0 trident.
You die...

###### #.....
#..... #.....
#.....
##)....##########
.'....og@.......#
##.....########.##
#..... #..# #.....
##.### #.....
#...# #..... ###.#
#....o #.# #..g..
#######.######
............))


You could see Ijyb and an orc priest.

Vanquished Creatures
  2 black bears
  A phantom (D:2)
  2 scorpions
  An orc priest (D:4)
  An orc wizard (D:4)
  5 adders
  2 worms
  4 dart slugs
  10 orcs
  5 ball pythons
  6 endoplasms
  3 giant cockroaches (D:3)
  6 hobgoblins
  4 jackals (D:3)
  8 kobolds
  4 quokkas
  7 bats
  A frilled lizard (D:3)
  5 goblins
  5 rats
82 creatures vanquished.

Notes
Turn   | Place    | Note
-------+----------+-------------------------------------------
     0 | D:1      | qw the Minotaur Hexslinger began the quest for the Orb.
     0 | D:1      | Reached XP level 1. HP: 16/16 MP: 1/1
     0 | D:1      | 0 ||| qw: Version: 0.3-a-40-ge99b1a8
     0 | D:1      | 0 ||| qw: Game counter: 443
     0 | D:1      | 0 ||| qw: Melee chars always use a shield: true
     0 | D:1      | 0 ||| qw: God list: Okawaru
     0 | D:1      | 0 ||| qw: Allow faded altars: false
     0 | D:1      | 0 ||| qw: Do Orc after clearing Dungeon:15 true
     0 | D:1      | 0 ||| qw: Do second Lair branch before Depths: true
     0 | D:1      | 0 ||| qw: Lair rune preference: random
     0 | D:1      | 0 ||| qw: Goals: Normal
     0 | D:1      | 0 ||| PLANNING D:1-11
   254 | D:1      | Reached skill level 3 in Ranged Weapons
   254 | D:1      | Reached XP level 2. HP: 23/23 MP: 2/2
   667 | D:1      | 667 ||| UPGRADING to +0 ring mail.
   677 | D:1      | 677 ||| DROPPING +0 robe.
   678 | D:1      | 678 ||| UPGRADING to +4 ring of protection.
   679 | D:1      | 679 ||| READING scroll labelled PYENOW LIQO.
   680 | D:1      | 680 ||| READING scroll labelled ECZIKOAGUN.
   681 | D:1      | 681 ||| DRINKING 2 murky silvery potions.
   682 | D:1      | 682 ||| DROPPING scroll of poison.
   748 | D:2      | Noticed a scorpion
   755 | D:2      | Killed a scorpion
   756 | D:2      | Reached XP level 3. HP: 9/33 MP: 3/3
   756 | D:2      | Reached XP level 4. HP: 11/40 MP: 4/4
   757 | D:2      | HP: 10/40 [poisoned by a scorpion]
  1119 | D:2      | Noticed a phantom
  1133 | D:2      | Killed a phantom
  1134 | D:2      | Reached skill level 4 in Ranged Weapons
  1134 | D:2      | Reached XP level 5. HP: 39/46 MP: 5/5
  1603 | D:2      | 1603 ||| UPGRADING to +0 pair of boots.
  1608 | D:2      | 1608 ||| READING scroll labelled PAN YMEHA.
  1609 | D:2      | 1609 ||| READING scroll labelled ZYNAUCHO ABAPT.
  1609 | D:2      | Identified a scroll of acquirement
  1609 | D:2      | 1609 ||| ACQUIRING +0 pair of boots of the Pleiades {Dex+7}
  1609 | D:2      | Acquired the +0 pair of boots of the Pleiades {Dex+7}
  1611 | D:2      | 1611 ||| UPGRADING to +0 pair of boots of the Pleiades
                  | {Dex+7}.
  1621 | D:2      | 1621 ||| DROPPING +0 pair of boots.
  1622 | D:2      | 1622 ||| READING scroll labelled YJUZAI WIGRUCH.
  1623 | D:2      | 1623 ||| READING 2 scrolls of identify.
  1623 | D:2      | 1623 ||| IDENTIFYING glowing golden potion
  1624 | D:2      | 1624 ||| DROPPING potion of ambrosia.
  1636 | D:3      | Reached skill level 1 in Armour
  1828 | D:3      | Reached skill level 5 in Ranged Weapons
  1839 | D:3      | Noticed a black bear
  1849 | D:3      | Killed a black bear
  1850 | D:3      | Reached XP level 6. HP: 20/52 MP: 6/6
  1853 | D:3      | Reached skill level 6 in Ranged Weapons
  2219 | D:3      | Found a faded altar of an unknown god.
  2384 | D:3      | 2384 ||| READING scroll labelled YXTOLE QEGAM.
  2385 | D:3      | 2385 ||| READING scroll labelled FONNIC RUIGYU.
  2386 | D:3      | 2386 ||| READING scroll labelled XAEMIRHAIT.
  2387 | D:3      | 2387 ||| READING scroll labelled WEOCLU BUL DAJ.
  2488 | D:3      | 2488 ||| READING scroll labelled YHOIS RESMUMA.
  2489 | D:3      | 2489 ||| READING scroll labelled SYAR SUDUL VOMN.
  2494 | D:3      | 2494 ||| DRINKING 3 bubbling clear potions.
  2495 | D:3      | 2495 ||| READING 2 scrolls of identify.
  2495 | D:3      | 2495 ||| IDENTIFYING viscous black potion
  2496 | D:3      | 2496 ||| DROPPING potion of magic.
  2497 | D:3      | 2497 ||| DROPPING 2 potions of invisibility.
  2665 | D:4      | Reached skill level 7 in Ranged Weapons
  2783 | D:4      | Reached skill level 3 in Dodging
  2783 | D:4      | Reached XP level 7. HP: 59/59 MP: 7/7
  2833 | D:4      | Noticed Ijyb
  2834 | D:4      | 2834 ||| Stepping ~*~*~tactically~*~*~ (outnumbered).
  2844 | D:4      | HP: 10/59 [disintegration (18)]
  2845 | D:4      | 2845 ||| DRINKING potion of heal wounds.
  2848 | D:4      | HP: 1/59 [Ijyb/+0 club (6)]
  2848 | D:4      | Slain by an orc priest

Levels and vault maps discovered:
D:1:      onia_arrival_mini_spirals, layout_basic, hangedman_decor_points,
          nrook_mini_backslash
D:2:      layout_basic, chequers_serial_rivers_micro_d, minmay_surrounded
D:3:      minmay_bubble_buster, layout_loops_cross, basic_ecumenical_altar
D:4:      layout_basic, uniq_ijyb

Skill      XL: |  1  2  3  4  5  6 |
---------------+-------------------+-----
Ranged Weapons | 3 4 5 7 |  7.1
Fighting       | 4 |  4.2
Armour         | 1 |  1.2
Dodging        | 3 |  3.3
Spellcasting   | |  1.0
Hexes          | |  2.0

Action                     |  1- 3 |  4- 6 |  7- 9 || total
---------------------------+-------+-------+-------++-------
   Fire: Sling             |    31 |   182 |    17 ||   230
    Use: Scroll            |     2 |    11 |       ||    13
         Potion            |     1 |     1 |     1 ||     3
 Armour: Ring mail         |     4 |    60 |     2 ||    66
  Dodge: Dodged            |    12 |    58 |     6 ||    76

Table legend:
 A = Non-vault XP
 B = Vault XP
 C = Vault XP percentage of total XP
 D = Non-vault monster count
 E = Vault monster count
 F = Vault count percentage of total count
                 A         B        C        D         E       F
            +---------+---------+-------+---------+---------+-------
      Total |     642 |     180 |  21.9 |      61 |      21 |  25.6
            +---------+---------+-------+---------+---------+-------
        D:1 |      19 |       0 |   0.0 |      10 |       0 |   0.0
        D:2 |     248 |       4 |   1.6 |      18 |       3 |  14.3
        D:3 |      41 |     176 |  81.1 |      16 |      18 |  52.9
        D:4 |     334 |       0 |   0.0 |      17 |       0 |   0.0
            +---------+---------+-------+---------+---------+-------
